 Dungeon Crawl Stone Soup version 0.20.1-1-g8b1a95d (console) character file.

621 bli the Skirmisher (level 7, -2/57 HPs)
             Began as a Formicid Abyssal Knight on July 30, 2017.
             Was a Believer of Lugonu.
             Slain by a wight
             ... wielding a +3 morningstar of freezing
              (6 damage)
             ... on level 6 of the Dungeon.
             The game lasted 00:21:30 (4990 turns).

bli the Skirmisher (Formicid Abyssal Knight)        Turns: 4990, Time: 00:21:30

Health: -2/57      AC:  5    Str: 17    XL:     7   Next: 75%
Magic:  0/8        EV: 16    Int: 12    God:    Lugonu [**....]
Gold:   198        SH:  0    Dex: 16    Spells: 6/6 levels left

rFire    + + .     SeeInvis +   a - +1 spear
rCold    . . .     Gourm    .   (no shield)
rNeg     . . .     Faith    .   r - +2 leather armour {rF+}
rPois    .         Spirit   +   (helmet unavailable)
rElec    .         Reflect  .   (no cloak)
rCorr    .         Harm     .   (no gloves)
MR       .....                  (no boots)
Stlth    ++........             k - amulet of guardian spirit
Regen    0.2/turn               y - ring of protection from fire
MPRegen  0.2/turn               (no ring)

@: confused, agile, lethally poisoned (-2 -> -2), heavily drained
A: permanent stasis, dig shafts and tunnels, four strong arms, antennae 3
a: Dig, Shaft Self, Depart the Abyss, Bend Space, Renounce Religion


You were on level 6 of the Dungeon.
You worshipped Lugonu.
Lugonu was pleased with you.
You were not hungry.

You visited 1 branch of the dungeon, and saw 6 of its levels.
You visited the Abyss 1 time.

You collected 198 gold pieces.

Inventory:

Hand Weapons
 a - a +1 spear (weapon)
 e - a +0 dagger of protection
 t - a +2 dagger of pain
 B - a +1 vampiric dagger
 E - a +0 scimitar of flaming
Missiles
 d - 209 stones (quivered)
 A - 8 javelins
Armour
 b - a +0 leather armour
 i - a +0 scale mail
 r - a +2 leather armour of fire resistance (worn)
Jewellery
 k - an amulet of guardian spirit (around neck)
 y - a ring of protection from fire (left hand)
Wands
 z - a wand of lightning (0/15)
Scrolls
 f - 3 scrolls of teleportation {unknown}
 g - 3 scrolls of remove curse {unknown}
 l - a scroll of blinking {unknown}
 m - 5 scrolls of identify {unknown}
 o - 2 scrolls of immolation {unknown}
 p - a scroll of fog {unknown}
 s - 2 scrolls of enchant weapon {unknown}
 x - a scroll of recharging {unknown}
 C - a scroll of amnesia {unknown}
Potions
 u - a potion of lignification {unknown}
Books
 F - a book of Maledictions

   Spells                             Type                      Level
   a - Corona                         Hexes                        1
   b - Ensorcelled Hibernation        Hexes/Ice                    2
   c - Confuse                        Hexes                        3
   d - Tukima's Dance                 Hexes                        3
   e - Dazzling Spray                 Conjuration/Hexes            3
Comestibles
 c - 2 bread rations
 j - 2 meat rations
 q - 3 fruits
 G - a royal jelly


   Skills:
 * Level 5.7(4.1) Fighting
 + Level 5.0(3.5) Polearms
 + Level 3.6(2.1) Armour
 + Level 2.2(0.8) Dodging
 + Level 3.0(1.5) Stealth
 + Level 2.3(0.9) Invocations


You had 6 spell levels left.
You didn't know any spells.

Dungeon Overview and Level Annotations

Branches:
Dungeon (6/15)             Temple (0/1) D:5

Altars:
Dithmenos

Annotations:
D:5 Grinder


Innate Abilities, Weirdness & Mutations

You cannot be hasted, slowed, berserked, paralysed or teleported.
You can dig through walls and to a lower floor.
Your four strong arms can wield two-handed weapons with a shield.
You have a pair of large antennae on your head. (SInv)


Message History

You hit the wight but do no damage.
The wight is heavily damaged.
The wight hits you with a morningstar of freezing.
* * * LOW HITPOINT WARNING * * *
The wight freezes you.
* * * LOW HITPOINT WARNING * * *
You barely miss the wight.
The wight is heavily damaged.
You feel sick.
You hit the wight.
The wight is heavily damaged.
The wight hits you with a morningstar of freezing!
* * * LOW HITPOINT WARNING * * *
The wight freezes you.
* * * LOW HITPOINT WARNING * * *
It was a potion of ambrosia.
You are confused.
You feel invigorated.
The wight hits you with a morningstar of freezing!
You die...

.. #..#
.##..#
....#
######!..#
.....(...#
######..###
#<........#
#.)....##.#
#r####.# #
#z# #.# #@#
#.# #.# #.#
#.. ..#
#### ###


You could see a wight and a quokka.

Vanquished Creatures
  A phantom (D:4)
  2 orc priests (D:4)
  2 hounds (D:4)
  A jelly (D:4)
  Jessica (D:2)
  2 iguanas (D:4)
  3 orc wizards
  2 worker ants
  7 adders
  2 oozes (D:3)
  A worm (D:2)
  3 dart slugs
  3 leopard geckos
  11 orcs
  2 giant cockroaches
  10 goblins
  6 hobgoblins
  7 jackals (D:2)
  2 quokkas
  A ball python (D:1)
  9 bats
  6 frilled lizards
  10 kobolds
  A quokka skeleton (D:4)
  9 rats
  A fungus (D:1)
105 creatures vanquished.

Notes
Turn   | Place    | Note
-------+----------+-------------------------------------------
     0 | Abyss:1  | bli the Formicid Abyssal Knight began the quest for the Orb.
     0 | Abyss:1  | Reached XP level 1. HP: 18/18 MP: 2/2
    71 | Abyss:1  | Noticed a blink frog
    71 | Abyss:1  | Noticed a small abomination
    74 | D:1      | Escaped the Abyss
   172 | D:1      | Reached XP level 2. HP: 25/25 MP: 3/3
   268 | D:1      | Reached skill level 1 in Dodging
   720 | D:1      | Reached XP level 3. HP: 30/30 MP: 4/4
   738 | D:1      | Reached * piety under Lugonu
   906 | D:2      | Reached skill level 1 in Stealth
  1048 | D:2      | Found a shadowy altar of Dithmenos.
  1102 | D:2      | Noticed Jessica
  1107 | D:2      | Killed Jessica
  1107 | D:2      | Reached XP level 4. HP: 38/38 MP: 5/5
  1551 | D:2      | Reached XP level 5. HP: 41/43 MP: 6/6
  2070 | D:2      | Reached ** piety under Lugonu
  2485 | D:3      | Reached XP level 6. HP: 12/50 MP: 4/7
  3194 | D:4      | Reached skill level 5 in Fighting
  3684 | D:4      | HP: 2/51 [acid (6)]
  4015 | D:4      | Reached XP level 7. HP: 37/56 MP: 4/8
  4531 | D:5      | Entered Level 5 of the Dungeon
  4607 | D:5      | Noticed Grinder
  4653 | D:5      | Found a staircase to the Ecumenical Temple.
  4969 | D:6      | Reached skill level 5 in Polearms
  4989 | D:6      | HP: 1/57 [wight/morningstar of freezing (4)]
  4990 | D:6      | Slain by a wight

Skill      XL: |  1  2  3  4  5  6  7 |
---------------+----------------------+-----
Dodging        | 1 2 |  2.2
Fighting       | 4 5 |  5.7
Stealth        | 1 2 3 |  3.0
Polearms       | 3 4 5 |  5.0
Armour         | 3 |  3.6
Invocations    | |  2.3

Action                   |  1- 3 |  4- 6 |  7- 9 || total
-------------------------+-------+-------+-------++-------
Melee: Spear             |    97 |   340 |   150 ||   587
Throw: Stone             |       |     2 |       ||     2
Invok: Depart the Abyss  |     1 |       |       ||     1
       Bend Space        |       |       |     1 ||     1
 Abil: Dig               |     3 |     3 |       ||     6
Evoke: Wand              |       |     3 |       ||     3
  Use: Potion            |       |     1 |     4 ||     5
 Stab: Sleeping          |     1 |     4 |       ||     5
  Eat: Chunk             |     1 |     9 |     4 ||    14
Armor: Leather armour    |    20 |    93 |    23 ||   136
Dodge: Dodged            |    39 |   174 |    63 ||   276
